 Seeded DCSS version 0.29-a0-559-g359e09b9d1 (webtiles) character file.

Game seed: 20220606 (custom seed)

2062 nrs142 the Cleaver (level 9, 0/81 HPs)
             Began as a Minotaur Monk on June 9, 2022.
             Was an Initiate of Ashenzari.
             Slain by a spriggan
             ... wielding a +0 spear
              (7 damage)
             ... in a bailey.
             The game lasted 00:11:46 (7541 turns).

nrs142 the Cleaver (Minotaur Monk)                  Turns: 7541, Time: 00:11:46

Health: 0/81       AC:  9    Str: 20    XL:     9   Next: 5%
Magic:  8/8        EV: 10    Int:  7    God:    Ashenzari [......]
Gold:   336        SH:  0    Dex: 13    Spells: 8/8 levels left

rFire   . . .      SeeInvis .   b - +1 broad axe
rCold   . . .      Faith    .   (no shield)
rNeg    . . .      Spirit   .   e - +0 chain mail
rPois   .          Reflect  .   (helmet restricted)
rElec   .          Harm     .   o - scarf {+Inv}
rCorr   .          Rampage  .   l - +0 pair of gloves
Will    .....                   (no boots)
Stlth   ..........              p - amulet of magic regeneration
HPRegen 0.23/turn               (no ring)
MPRegen 0.51/turn               (no ring)

@: no status effects
A: horns 2, retaliatory headbutt
a: Renounce Religion, Evoke Invisibility, Curse Item


You were in a bailey.
You worshipped Ashenzari.
Ashenzari was noncommittal.
You visited 1 branch of the dungeon, and saw 7 of its levels.
You also visited: Bailey.

You collected 336 gold pieces.

Inventory:

Hand Weapons
 b - a +1 broad axe (weapon)
Armour
 e - a +0 chain mail (worn)
 l - a +0 pair of gloves (worn)
 o - a scarf of invisibility (worn)
Jewellery
 p - an amulet of magic regeneration (around neck)
Wands
 n - a wand of flame (17)
Scrolls
 d - 7 scrolls of identify
 f - a scroll of poison
 m - 5 scrolls of teleportation
 q - a scroll of magic mapping {unknown}
Potions
 a - a potion of flight {unknown}
 c - a potion of ambrosia
 g - a potion of resistance {unknown}
 h - a potion of lignification
 i - a potion of might
 j - 2 potions of haste {unknown}
 k - 2 potions of brilliance
 s - 2 potions of curing
 v - a potion of cancellation {unknown}
 w - a potion of mutation {unknown}
 x - a potion of invisibility


   Skills:
 + Level 8.0 Fighting
 + Level 8.0 Axes
 + Level 7.3 Dodging
 + Level 5.6 Stealth


You had 8 spell levels left.
You didn't know any spells.
Your spell library contained the following spells:

 Spells                   Type           Power      Damage    Failure   Level
 Slow                     Hex            0%         N/A       99%         1
 Ensorcelled Hibernation  Hex/Ice        0%         N/A       100%        2
 Passwall                 Tmut/Erth      0%         N/A       100%        2
 Confusing Touch          Hex            0%         N/A       100%        3
 Swiftness                Air            0%         N/A       100%        3
 Vampiric Draining        Necr           0%         2d6       100%        3
 Yara's Violent Unravell  Hex/Tmut       0%         3d3       100%        5
 Enfeeble                 Hex            0%         N/A       100%        7


Dungeon Overview and Level Annotations

Branches:
Dungeon (7/15)             Temple (0/1) D:4          Bailey (1/1)

Altars:
Ashenzari
Elyvilon
Kikubaaqudgha
Makhleb
Okawaru
Uskayaw
Wu Jian
Beogh

Shops:
D:3 (

Annotations:
D:5 2 transporters


Innate Abilities, Weirdness & Mutations

You have a pair of horns on your head.
You reflexively headbutt those who attack you in melee.


Message History

You completely miss the spriggan. The ogre misses you.
The spriggan barely misses you. The ogre barely misses you.
The spriggan hits you from afar with a +0 spear.
You hit the ogre.
You kill the ogre!
You barely miss the spriggan.
The spriggan hits you but does no damage.
The spriggan misses you. The ogre barely misses you.
The spriggan hits you with a +0 trident!
You miss the spriggan. You headbutt the spriggan!
The spriggan is heavily wounded.
The spriggan closely misses you.
The spriggan hits you with a +0 trident.
You miss the spriggan. Your headbutt misses the spriggan.
The spriggan is heavily wounded.
The ogre hits you from afar with a +0 halberd!!
* * * LOW HITPOINT WARNING * * *
The spriggan hits you from afar with a +0 spear.
* * * LOW HITPOINT WARNING * * *
The spriggan hits you with a +0 trident.
* * * LOW HITPOINT WARNING * * *
You feel better. The spriggan closely misses you.
The ogre hits you from afar with a +0 halberd!
* * * LOW HITPOINT WARNING * * *
The spriggan closely misses you. You furiously retaliate!
You headbutt the spriggan!
You kill the spriggan!
Your Fighting skill increases to level 8!
Your Axes skill increases to level 8!
You have reached level 9!
Your experience leads to an increase in your attributes!
Increase (S)trength, (I)ntelligence, or (D)exterity?
You feel stronger. x2
You feel better. The spriggan closely misses you.
The ogre hits you but does no damage.
The spriggan hits you but does no damage.
The spriggan hits you from afar with a +0 spear.
* * * LOW HITPOINT WARNING * * *
The spriggan hits you from afar with a +0 spear!
You die...

#..# #))# #..♣
#..# #..#♣
##O.♣# ♣.
##.i## #..
##..#♣##♣##..#
##.@.......#
##.......##
##≈≈≈≈≈##
#≈≈≈≈≈#
###≈)≈≈≈###
##.........##
##...........##
#....∩...∩....#
##...........##


You could see an ogre and a spriggan.

Vanquished Creatures
  A kobold demonologist (D:6)
  A troll (D:6)
  A spriggan (Bailey)
  A water moccasin (D:6)
  A black bear (D:5)
  5 ogres
  A phantom (D:5)
  Blork the orc (D:5)
  A bullfrog (D:4)
  A scorpion (D:6)
  A howler monkey (D:3)
  A hound (D:5)
  A gnoll shaman (D:5)
  An iguana (D:6)
  2 orc wizards
  Robin (D:3)
  12 gnolls (D:5)
  14 adders
  A shadow imp (D:6)
  A white imp (D:6)
  2 ufetubi (D:6)
  2 worms
  3 dart slugs
  14 orcs
  5 endoplasms
  2 giant cockroaches
  17 goblins
  6 hobgoblins
  2 quokkas
  4 ball pythons
  3 bats
  A frilled lizard (D:1)
  5 kobolds
  6 rats
121 creatures vanquished.

Vanquished Creatures (others)
  An orc wizard (D:6)
1 creature vanquished.

Grand Total: 122 creatures vanquished

Notes
Turn   | Place    | Note
-------+----------+-------------------------------------------
     0 | D:1      | nrs142 the Minotaur Monk began the quest for the Orb.
     0 | D:1      | Reached XP level 1. HP: 19/19 MP: 0/0
   266 | D:1      | You fall into a shaft and drop 1 floor!
   359 | D:1      | Reached XP level 2. HP: 22/27 MP: 1/1
   452 | D:1      | Found a faded altar of an unknown god.
   899 | D:2      | Reached XP level 3. HP: 23/33 MP: 2/2
  1546 | D:3      | Reached XP level 4. HP: 37/41 MP: 3/3
  1761 | D:3      | Reached XP level 5. HP: 47/47 MP: 4/4
  1967 | D:3      | Found Watic Nimeh's Weapon Shoppe.
  1969 | D:3      | Noticed Robin
  1974 | D:3      | Killed Robin
  2629 | D:4      | Found a staircase to the Ecumenical Temple.
  2664 | D:4      | Reached skill level 5 in Axes
  2837 | D:4      | Reached skill level 5 in Fighting
  2911 | D:4      | Found a broken altar of Ashenzari.
  2930 | D:4      | Became a worshipper of Ashenzari the Shackled
  3103 | D:4      | Reached XP level 6. HP: 11/56 MP: 5/5
  3383 | D:5      | Entered Level 5 of the Dungeon
  3543 | D:5      | Found a transporter.
  3560 | D:5      | Found a transporter.
  3897 | D:5      | Reached skill level 5 in Dodging
  4210 | D:5      | Noticed a +0 spear
  4211 | D:5      | Noticed a +0 falchion
  4211 | D:5      | Noticed a +0 dagger
  4211 | D:5      | Noticed a +0 falchion
  4211 | D:5      | Noticed a +0 spear
  4213 | D:5      | Noticed a +0 short sword
  4213 | D:5      | Noticed a +0 short sword
  4213 | D:5      | Noticed a +0 dagger
  4215 | D:5      | Found a hide-covered altar of Uskayaw.
  4244 | D:5      | Reached XP level 7. HP: 55/62 MP: 6/6
  4360 | D:5      | Noticed Blork the orc
  4373 | D:5      | Killed Blork the orc
  5577 | D:6      | Noticed a kobold demonologist
  5578 | D:6      | Noticed a sixfirhy
  5584 | D:6      | Noticed an ice devil
  5936 | D:6      | Noticed a troll
  5945 | D:6      | Killed a troll
  5946 | D:6      | Reached XP level 8. HP: 34/71 MP: 7/7
  6538 | D:6      | Found an ancient bone altar of Kikubaaqudgha.
  6541 | D:6      | Found an iron altar of Okawaru.
  6575 | D:6      | Noticed a hellwing
  6587 | D:6      | Noticed a red devil
  6588 | D:6      | Killed a kobold demonologist
  6589 | D:6      | Reached skill level 5 in Stealth
  7045 | D:6      | Found a white marble altar of Elyvilon.
  7045 | D:6      | Found a burning altar of Makhleb.
  7154 | D:7      | Found an ornate altar of the Wu Jian Council.
  7202 | D:7      | Found a flagged portal.
  7315 | Bailey   | Entered a bailey
  7535 | Bailey   | Reached XP level 9. HP: 6/81 MP: 8/8
  7541 | Bailey   | Slain by a spriggan

Illustrated notes

Levels and vault maps discovered:
D:1:      dpeg_arrival_lava_temple_mockup, layout_loops_ring,
          hellmonk_ecumenical_altar_defaced_shrine
D:2:      minmay_general_purpose_star, layout_rooms
D:3:      layout_rooms, serial_rivers, chequers_serial_rivers_micro_c,
          chequers_serial_rivers_small_b, chequers_serial_rivers_large_a,
          chequers_serial_rivers_small_b, chequers_serial_rivers_room_b,
          chequers_serial_rivers_micro_a, serial_shops, shop, uniq_robin
D:4:      layout_gridville, lemuel_doored_altar, minmay_temple_entry_ruins
D:5:      gammafunk_wand_slinger, layout_basic, nicolae_uskayaw_en_pointe,
          uniq_blork_the_orc
D:6:      minmay_opposing_rooms, layout_basic, nicolae_overflow_hidden_temple,
          gammafunk_temple_overflow_statue
D:7:      layout_layer_cave, amcnicky_altar_gilded, enter_bailey_1
Bailey:   bailey_polearm_enchanted_keep_hellmonk, bailey

Skill      XL: |  1  2  3  4  5  6  7  8 |
---------------+-------------------------+-----
Fighting       | 4 5 6 8 |  8.0
Axes           | 4 5 6 8 |  8.0
Stealth        | 2 3 4 5 |  5.6
Dodging        | 4 5 6 7 |  7.3

Action                   |  1- 3 |  4- 6 |  7- 9 || total
-------------------------+-------+-------+-------++-------
Melee: Broad axe         |    57 |   103 |   120 ||   280
       Hand axe          |     5 |       |       ||     5
       Headbutt          |     5 |    15 |    16 ||    36
Evoke: Wand              |       |       |     3 ||     3
  Use: Scroll            |       |    12 |     2 ||    14
       Potion            |       |     3 |     7 ||    10
Armor: Chain mail        |    41 |    55 |    83 ||   179
Dodge: Dodged            |    27 |    44 |    93 ||   164

Table legend: (Time is in decaauts)
 A = Elapsed time spent in this place.
 B = Non-inter-level travel time spent in this place.
 C = Inter-level travel time spent in this place.
 D = Time resting spent in this place.
 E = Time spent auto-exploring this place.
 F = Levels seen in this place.
 G = Mean time per level.
                   A        B        C        D        E       F      G
               +--------+--------+--------+--------+--------+-----+--------+
         Total |   7666 |   7452 |    214 |   2034 |   4232 |   8 |  958.2 |
       Dungeon |   7436 |   7222 |    214 |   1851 |   4232 |   7 | 1062.3 |
        Bailey |    229 |    229 |      0 |    183 |      0 |   1 |  229.0 |
               +--------+--------+--------+--------+--------+-----+--------+

Top non-repeatable levels by time:
     D:6: 2056 daAuts
     D:5: 1758 daAuts
     D:4: 1097 daAuts
     D:1: 821 daAuts
     D:3: 804 daAuts
     D:2: 729 daAuts
  Bailey: 229 daAuts
     D:7: 169 daAuts
